AoeStats
← Fabian

Black Forest

509746557Analyzed
3v3 RM · 6d ago on Sep 27, 2026· 71m 55s· 6 players
Game mode
Random Map
Map size
Normal (6 player)
Population
200
Speed
Normal
Resources
Standard
Victory
Conquest
Starting age
Dark Age
Ending age
Imperial Age
RankedLock teamsTeams togetherTeam positionsShared explorationLock speedFull tech treeHidden civsTurbo modeCheats
Victory
Defeat
🇧🇷 Bohemians · Brazil
936
+12
🇧🇷 Persians · Brazil
935
+12
🇧🇷 Vietnamese · Brazil
802
+18
🇦🇷 Bohemians · Argentina
852
-14
🇦🇷 Byzantines · Argentina
848
-14
🇦🇷 Teutons · Argentina
839
-14
GustavoErb
8:50 Loom
12:06 Feudal Age
16:45 Castle Age
15:16 Horse Collar
15:27 Double-Bit Axe
19:46 Heavy Plow
28:43 Gold Mining
28:46 Stone Mining
29:49 Bow Saw
30:30 Coinage
30:01 Caravan
33:51 Scale Barding Armor
33:57 Forging
35:04 Chain Barding Armor
37:35 Imperial Age
35:56 Gold Shaft Mining
36:52 Husbandry
37:33 Iron Casting
39:29 Crop Rotation
44:16 Plate Barding Armor
43:59 Elite Cataphract
45:10 Logistica
45:22 Conscription
70:47 Two-Man Saw
LorenzoErb
10:26 Loom
12:12 Feudal Age
16:34 Castle Age
14:34 Double-Bit Axe
14:44 Horse Collar
31:28 Imperial Age
29:23 Caravan
30:00 Bow Saw
31:28 Wheelbarrow
30:39 Town Watch
32:01 Chemistry
31:10 Heavy Plow
31:49 Elite Hussite Wagon
32:02 Houfnice
33:52 Guilds
34:37 Siege Engineers
35:13 Wagenburg Tactics
35:28 Conscription
35:47 Hand Cart
41:46 Two-Man Saw
48:53 Forging
51:51 Pikeman
52:31 Squires
52:16 Arson
56:25 Halberdier
63:21 Scale Mail Armor
67:09 Iron Casting
VirginiaBu
11:38 Loom
13:57 Feudal Age
18:04 Castle Age
16:00 Double-Bit Axe
33:25 Bow Saw
36:53 Forging
36:44 Scale Mail Armor
38:58 Stone Mining
38:59 Gold Mining
44:54 Imperial Age
44:58 Chain Mail Armor
53:23 Iron Casting
53:41 Squires
53:02 Pikeman
54:45 Hoardings
54:33 Conscription
55:56 Plate Mail Armor
56:30 Blast Furnace
61:23 Cavalier
BARBARUIVA
0:26 Loom
14:12 Feudal Age
15:11 Double-Bit Axe
20:35 Castle Age
19:59 Horse Collar
21:57 Bow Saw
22:36 Caravan
24:42 Wheelbarrow
25:54 Heavy Plow
26:32 Sanctity
26:23 Fervor
28:59 Chemistry
28:45 Hand Cart
29:20 Forging
29:11 Scale Mail Armor
29:53 Squires
29:13 Pikeman
29:40 Arson
30:29 Ballistics
31:46 Coinage
36:14 Imperial Age
33:30 Town Watch
35:49 Iron Casting
35:30 Chain Mail Armor
41:54 Imperial Age
43:36 Banking
43:17 Guilds
43:28 Houfnice
45:34 Two-Man Saw
55:01 Halberdier
61:17 Blast Furnace
60:59 Plate Mail Armor
67:40 Arson
Fabian
0:35 Loom
17:22 Feudal Age
17:57 Horse Collar
18:05 Double-Bit Axe
21:46 Castle Age
19:49 Stone Mining
20:10 Gold Mining
22:17 Wheelbarrow
22:25 Heavy Plow
22:38 Bow Saw
23:46 Hand Cart
24:36 Stone Shaft Mining
28:07 Murder Holes
28:23 Masonry
28:34 Ballistics
30:01 Gold Shaft Mining
33:36 Imperial Age
31:27 Caravan
31:54 Padded Archer Armor
31:45 Fletching
32:50 Husbandry
33:00 Bloodlines
32:53 Kamandaran
33:36 Leather Archer Armor
33:17 Bodkin Arrow
33:19 Crossbowman
34:05 Thumb Ring
35:13 Two-Man Saw
35:17 Chemistry
35:50 Crop Rotation
35:53 Ring Archer Armor
35:30 Scale Barding Armor
36:27 Conscription
37:59 Chain Barding Armor
37:07 Elite War Elephant
38:01 Citadels
40:23 Plate Barding Armor
Tchuca
0:30 Loom
12:26 Feudal Age
13:37 Double-Bit Axe
17:12 Wheelbarrow
16:33 Gold Mining
18:32 Stone Mining
22:01 Castle Age
20:26 Horse Collar
22:45 Caravan
23:20 Bow Saw
23:16 Town Watch
23:34 Heavy Plow
24:41 Hand Cart
27:44 Town Patrol
27:44 Fletching
27:56 Padded Archer Armor
28:38 Bodkin Arrow
29:34 Leather Archer Armor
34:20 Imperial Age
32:24 Ballistics
32:16 Masonry
34:06 Fortified Wall
33:52 Murder Holes
34:26 Arson
35:24 Squires
36:01 Ring Archer Armor
35:32 Scale Mail Armor
35:44 Forging
37:43 Chemistry
38:18 Hoardings
38:24 Bracer
38:49 Arrowslits
40:12 Paper Money
40:16 Elite Fire Lancer
41:28 Elite Rattan Archer
47:39 Guilds
49:13 Chain Mail Armor
57:07 Plate Mail Armor
57:13 Iron Casting
68:14 Two-Man Saw
67:22 Siege Engineers
67:10 Heated Shot
Connection lost

Rejoining the realm…

Still unreachable

The connection could not be restored.

Session expired

The server has moved on; the page needs a fresh start.